 Dungeon Crawl Stone Soup version 0.29.0-4-gdea44cf6ec (webtiles) character file.

Game seed: 16069999967460713099

77 qw the Chopper (level 4, -1/26 HPs)
             Began as a Tengu Warper on Aug 28, 2022.
             Killed from afar by an orc wizard (5 damage)
             ... with a magic dart
             ... on level 2 of the Dungeon.
             The game lasted 00:00:08 (1333 turns).

qw the Chopper (Tengu Warper)                       Turns: 1333, Time: 00:00:08

Health: -1/26      AC:  4    Str: 13    XL:     4   Next: 34%
Magic:  8/8        EV: 12    Int: 13    God:
Gold:   93         SH:  0    Dex: 14    Spells: 7/7 levels left

rFire   . . .      SeeInvis .   Y - +2 hand axe
rCold   . . .      Faith    .   (no shield)
rNeg    . . .      Spirit   .   b - +0 leather armour
rPois   .          Reflect  .   (helmet restricted)
rElec   .          Harm     .   (no cloak)
rCorr   .          Rampage  .   d - +0 pair of gloves
Will    .....                   (boots unavailable)
Stlth   +.........              (no amulet)
HPRegen 0.08/turn               (no ring)
MPRegen 0.11/turn               (no ring)

@: confused
A: beak, talons 3
a: no special abilities


You were on level 2 of the Dungeon.
You visited 1 branch of the dungeon, and saw 2 of its levels.

You collected 93 gold pieces.


Innate Abilities, Weirdness & Mutations

You have a beak for a mouth.
You have claws for feet.


   Skills:
 - Level 2.0 Fighting
 + Level 4.9 Axes
 - Level 1.0 Throwing
 - Level 1.1 Armour
 - Level 2.1 Dodging
 - Level 2.0 Spellcasting
 - Level 2.4 Translocations


You had 7 spell levels left.
You didn't know any spells.
Your spell library contained the following spells:

 Spells                   Type           Power      Damage    Failure   Level
 Blink                    Tloc           14%        N/A       19%         2
 Gell's Gravitas          Tloc           7%         N/A       36%         3
 Lesser Beckoning         Tloc           7%         N/A       36%         3
 Teleport Other           Tloc           7%         N/A       36%         3
 Manifold Assault         Tloc           7%         N/A       98%         5

Inventory:

Hand Weapons
 g - a +0 whip of electrocution
 Y - a +2 hand axe (weapon)
Missiles
 k - 3 boomerangs (quivered)
Armour
 b - a +0 leather armour (worn)
 d - a +0 pair of gloves (worn)
 e - a +0 scale mail
Jewellery
 f - a +6 ring of strength
Potions
 a - a potion of cancellation {unknown}
 c - 2 potions of heal wounds {unknown}
 h - 2 potions of curing {unknown}
 l - a potion of degeneration {unknown}
 n - a potion of brilliance {unknown}

Dungeon Overview and Level Annotations

Branches:
Dungeon (2/15)

Altars:

Shops:
D:2 (


Message History

The orc priest is moderately wounded.
The orc priest casts a cantrip, but nothing happens.
You barely miss the orc priest. You peck the orc priest.
The orc priest is heavily wounded.
You closely miss the orc. The orc barely misses you.
The orc priest invokes the aid of Beogh against you.
You barely resist. You hit the orc priest. Your kick misses the orc priest.
The orc priest is severely wounded.
You closely miss something. Something hits you but does no damage.
The orc priest hits you but does no damage.
You completely miss the orc priest.
You claw the orc priest, but do no damage.
The orc priest is severely wounded.
You hit the orc. You hit something.
The orc priest looks satisfied for a moment.
The orc barely misses you.
The orc priest calls upon Beogh to heal the orc.
The orc's wounds heal themselves!
You hear some strange, mumbled words.
You are confused.
You miss the orc priest.
You claw the orc priest, but do no damage.
The orc priest is severely wounded.
You hit something. You slash the orc!
You kill the orc!
Something hits you but does no damage. The orc priest misses you.
You slash the orc!
You kill the orc!
You completely miss something. You barely miss the orc priest.
The orc priest hits you but does no damage.
Something hits you.
The orc priest calls upon Beogh to heal the orc priest.
You bump into the rock wall.
You hear some strange, mumbled words.
A magic dart appears from out of thin air!
The magic dart hits you.
You die...

.o...~...# #......
...o.....# #######
...o..... #######
......... #......
.~.oo~..# #......
........# #......
########o# #......
.......{)# #...... ###
.......o@# #...... ..#
########.##########......
..# #...........##......
..# #...........##......
.# #...........###'####
.######## #...........#
#.# ........#
#...........###.#
#######.##
#...........##..# # #..#
###.#########..##


You could see 2 orc priests.

Vanquished Creatures
  Natasha (D:2)
  An adder (D:2)
  A worm (D:2)
  A dart slug (D:2)
  4 orcs (D:2)
  3 ball pythons
  3 bats
  4 endoplasms
  3 giant cockroaches (D:1)
  3 hobgoblins (D:2)
  2 frilled lizards (D:1)
  4 kobolds
  4 rats
34 creatures vanquished.

Notes
Turn   | Place    | Note
-------+----------+-------------------------------------------
     0 | D:1      | qw the Tengu Warper began the quest for the Orb.
     0 | D:1      | Reached XP level 1. HP: 12/12 MP: 4/4
     0 | D:1      | 0 ||| qw: Version: 0.1-a-89-g26bdef1
     0 | D:1      | 0 ||| qw: Game counter: 3358
     0 | D:1      | 0 ||| qw: Always use a shield: true
     0 | D:1      | 0 ||| qw: God list: Okawaru
     0 | D:1      | 0 ||| qw: Allow faded altars: false
     0 | D:1      | 0 ||| qw: Do Orc after D:15 true
     0 | D:1      | 0 ||| qw: Do second Lair branch before Depths: true
     0 | D:1      | 0 ||| qw: Lair rune preference: random
     0 | D:1      | 0 ||| qw: Plans: Normal
     0 | D:1      | 0 ||| PLANNING D:1-11
   145 | D:1      | Found a faded altar of an unknown god.
   195 | D:1      | Reached XP level 2. HP: 17/17 MP: 6/6
   202 | D:1      | Reached skill level 3 in Axes
   649 | D:1      | 649 ||| UPGRADING to +0 pair of gloves.
   654 | D:1      | 654 ||| READING scroll labelled MEIHITEECS.
   655 | D:1      | 655 ||| READING 2 scrolls labelled YGIWEBBECHO.
   658 | D:1      | 658 ||| READING scroll labelled COIRHEIKYAC.
   659 | D:1      | 659 ||| READING 2 scrolls labelled HOIDAVV LOPP.
   660 | D:1      | 660 ||| READING scroll of enchant weapon.
   660 | D:1      | 660 ||| ENCHANTING +1 hand axe.
   661 | D:1      | 661 ||| READING scroll labelled RAMAENW NAUC.
   662 | D:1      | 662 ||| DROPPING scroll of blinking.
   663 | D:1      | 663 ||| READING scroll of teleportation.
   725 | D:2      | 725 ||| Stepping ~*~*~tactically~*~*~ (hiding).
   726 | D:2      | 726 ||| Stepping ~*~*~tactically~*~*~ (hiding).
   881 | D:2      | Reached XP level 3. HP: 20/21 MP: 7/7
   897 | D:2      | Reached skill level 4 in Axes
   912 | D:2      | 912 ||| Stepping ~*~*~tactically~*~*~ (stealth).
   913 | D:2      | 913 ||| Stepping ~*~*~tactically~*~*~ (stealth).
   914 | D:2      | 914 ||| Stepping ~*~*~tactically~*~*~ (stealth).
   931 | D:2      | Found Ygav's Antique Weapon Boutique.
   938 | D:2      | 938 ||| SHOPLISTING morningstar (104 gold, have 37).
   968 | D:2      | Noticed Natasha
   974 | D:2      | Killed Natasha
   975 | D:2      | Reached XP level 4. HP: 23/26 MP: 8/8
  1317 | D:2      | 1317 ||| Stepping ~*~*~tactically~*~*~ (stealth).
  1319 | D:2      | 1319 ||| Stepping ~*~*~tactically~*~*~ (hiding).
  1321 | D:2      | 1321 ||| FLEEEEING.
  1322 | D:2      | 1322 ||| FLEEEEING.
  1332 | D:2      | HP: 4/26 [something (4)]
  1333 | D:2      | Killed from afar by an orc wizard

Levels and vault maps discovered:
D:1:      heliophobic_arrival_battle_scene, layout_basic, basic_ecumenical_altar
D:2:      cheibrodos_pilgrimage, layout_basic, serial_shops,
          nicolae_shop_temple_entry_statues_fountains, minmay_split_cup_small,
          uniq_natasha

Skill      XL: |  1  2  3 |
---------------+----------+-----
Axes           | 3 4 |  4.9
Fighting       | |  2.0
Throwing       | |  1.0
Armour         | |  1.1
Dodging        | |  2.1
Spellcasting   | |  2.0
Translocations | |  2.4

Action                   |  1- 3 |  4- 6 || total
-------------------------+-------+-------++-------
Melee: Hand axe          |    34 |    17 ||    51
       Kick              |     8 |     3 ||    11
       Peck              |     7 |     3 ||    10
Throw: Boomerang         |    34 |    18 ||    52
  Use: Scroll            |     7 |       ||     7
Armor: Leather armour    |     5 |     4 ||     9
Dodge: Dodged            |    15 |     9 ||    24

Table legend:
 A = Non-vault XP
 B = Vault XP
 C = Vault XP percentage of total XP
 D = Non-vault monster count
 E = Vault monster count
 F = Vault count percentage of total count
                 A         B        C        D         E       F
            +---------+---------+-------+---------+---------+-------
      Total |      60 |      51 |  45.9 |      26 |       8 |  23.5
            +---------+---------+-------+---------+---------+-------
        D:1 |      22 |       0 |   0.0 |      14 |       0 |   0.0
        D:2 |      38 |      51 |  57.3 |      12 |       8 |  40.0
            +---------+---------+-------+---------+---------+-------
